 Dungeon Crawl Stone Soup version 0.21-a0-125-gb006224 (webtiles) character file.

28 blexxed the Insei (level 3, 0/27 HPs)
             Began as a Gnoll Transmuter on July 14, 2017.
             Slain by a kobold
             ... wielding a +0 short sword
              (7 damage)
             ... on level 1 of the Dungeon.
             The game lasted 00:01:04 (597 turns).

blexxed the Insei (Gnoll Transmuter)                 Turns: 597, Time: 00:01:05

Health: 0/27       AC:  2    Str: 10    XL:     3   Next: 14%
Magic:  8/8        EV: 13    Int: 13    God:
Gold:   49         SH:  0    Dex: 14    Spells: 8/9 levels left

rFire    . . .     SeeInvis .     - Unarmed
rCold    . . .     Gourm    .   (no shield)
rNeg     . . .     Faith    .   b - +0 robe
rPois    .         Spirit   .   (no helmet)
rElec    .         Reflect  .   (no cloak)
rCorr    .         Harm     .   (no gloves)
MR       .....                  (no boots)
Stlth    ++........             (no amulet)
HPRegen  0.09/turn              g - ring of stealth
MPRegen  0.11/turn              (no ring)

@: appendage (expiring)
A: short attention span, fangs 1, horns 2, strong nose
a: End Transformation


You were on level 1 of the Dungeon.
You were not hungry.
You had grown temporary horns.
You visited 1 branch of the dungeon, and saw 1 of its levels.

You collected 49 gold pieces.

Inventory:

Missiles
 a - 12 arrows
Armour
 b - a +0 robe (worn)
Jewellery
 g - a ring of stealth (left hand)
Scrolls
 h - a scroll of noise {unknown}
 i - a scroll of remove curse {unknown}
 j - a scroll of blinking {unknown}
Potions
 e - a potion of heal wounds {unknown}
Books
 c - a book of Changes

   Spells                             Type                      Level
   a - Beastly Appendage              Transmutation                1
   b - Sticks to Snakes               Transmutation                2
   c - Spider Form                    Transmutation/Poison         3
   d - Ice Form                       Ice/Transmutation            4
   e - Blade Hands                    Transmutation                5
Comestibles
 d - a bread ration


   Skills:
 - Level 1.7 Fighting
 - Level 3.2 Dodging
 + Level 6.5 Unarmed Combat
 - Level 3.6 Spellcasting
 + Level 3.2 Transmutations


You had 8 spell levels left.
You knew the following spells:

 Your Spells              Type           Power        Failure   Level  Hunger
a - Beastly Appendage     Tmut           ##....       5%          1    #......


Dungeon Overview and Level Annotations

Branches:
Dungeon (1/15)

Altars:


Innate Abilities, Weirdness & Mutations

You have a short attention span.
You have very sharp teeth.
Your uncanny sense of smell can sniff out nearby items.
You have a pair of horns on your head.


Message History

You closely miss the kobold. Your headbutt misses the kobold.
The kobold is moderately wounded.
The kobold closely misses you. The kobold hits you.
* * * LOW HITPOINT WARNING * * *
The kobold barely misses you.
Your transformation is almost over.
Unknown command.
You barely miss the kobold.
The kobold is moderately wounded.
The kobold closely misses you.
You hit the kobold but do no damage. You bite the kobold, but do no damage.
The kobold is moderately wounded.
The kobold completely misses you.
You closely miss the kobold. You headbutt the kobold.
You kill the kobold!
You barely miss the kobold. The kobold barely misses you.
You hit the kobold.
The kobold is moderately wounded.
The kobold hits you with a short sword!
You die...

###### #....#
##....#### #
######......... ..
...........#.# ...
##....#.# ....
##.....#.#
.....#####.†...K#.#
...#.......#####@.#
...####)....# #.##
........###...##.#
.......## ##....#
.....).# #....
.......# #.#.
....)..# #...
.......### #. ##
.........# ##...


You could see a kobold.

Vanquished Creatures
  A dart slug (D:1)
  A leopard gecko (D:1)
  A giant cockroach (D:1)
  4 goblins (D:1)
  A hobgoblin (D:1)
  4 jackals (D:1)
  3 bats (D:1)
  2 frilled lizards (D:1)
  6 kobolds (D:1)
  3 rats (D:1)
26 creatures vanquished.

Notes
Turn   | Place    | Note
-------+----------+-------------------------------------------
     0 | D:1      | blexxed the Gnoll Transmuter began the quest for the Orb.
     0 | D:1      | Reached XP level 1. HP: 16/16 MP: 5/5
    77 | D:1      | Reached skill level 5 in Unarmed Combat
   217 | D:1      | Reached XP level 2. HP: 18/22 MP: 6/6
   321 | D:1      | Reached skill level 6 in Unarmed Combat
   558 | D:1      | Reached XP level 3. HP: 21/27 MP: 6/8
   597 | D:1      | Slain by a kobold

Vault maps used:
D:1:      wheals_arrival_linesprint

Skill      XL: |  1  2 |
---------------+-------+-----
Unarmed Combat | 5 6 |  6.5
Fighting       | |  1.7
Dodging        | |  3.2
Spellcasting   | |  3.6
Transmutations | |  3.2

Action                   || total
-------------------------++-------
Melee: Unarmed           ||    72
       Bite              ||     7
       Kick              ||     7
       Headbutt          ||     3
 Cast: Beastly Appendage ||     9
Armor: Robe              ||    11
Dodge: Dodged            ||    51
